 Dungeon Crawl Stone Soup version 0.21.1-1-g345015f (webtiles) character file.

42 teukkam the Skirmisher (level 3, 0/35 HPs)
             Began as a Gnoll Wanderer on Feb 13, 2018.
             Slain by a kobold
             ... wielding a +0 dagger
              (2 damage)
             ... on level 2 of the Dungeon.
             The game lasted 00:08:42 (1155 turns).

teukkam the Skirmisher (Gnoll Wanderer)             Turns: 1155, Time: 00:08:43

Health: 0/35       AC:  4    Str: 13    XL:     3   Next: 56%
Magic:  8/9        EV: 11    Int: 16    God:
Gold:   81         SH:  0    Dex: 14    Spells: 11/12 levels left

rFire    . . .     SeeInvis .   a - +0 dagger (drain)
rCold    . . .     Gourm    .   (no shield)
rNeg     . . .     Faith    .   d - +0 robe
rPois    .         Spirit   .   (no helmet)
rElec    .         Reflect  .   m - +1 cloak
rCorr    .         Harm     .   (no gloves)
MR       .....                  (no boots)
Stlth    +++.......             (no amulet)
HPRegen  0.11/turn              (no ring)
MPRegen  0.11/turn              (no ring)

@: lethally poisoned (0 -> -2)
A: distributed training, fangs 1, strong nose
a: no special abilities


You were on level 2 of the Dungeon.
You were hungry.

You visited 1 branch of the dungeon, and saw 3 of its levels.

You collected 81 gold pieces.

Inventory:

Hand Weapons
 a - a +0 dagger of draining (weapon)
 l - a +0 dagger
Armour
 d - a +0 robe (worn)
 m - a +1 cloak (worn)
Scrolls
 c - a scroll of teleportation
 g - a scroll of amnesia {unknown}
 h - 2 scrolls of enchant armour {unknown}
 i - a scroll of remove curse {unknown}
 r - a scroll of identify {unknown}
 s - a scroll of enchant weapon {unknown}
Potions
 j - a potion of agility {unknown}
 k - a potion of haste {unknown}
 n - a potion of magic {unknown}
 o - a potion of invisibility {unknown}
 p - a potion of mutation {unknown}
 t - a potion of heal wounds {unknown}
Books
 b - Mibbaaf's Incunabulum of the Glacier

   Spells                             Type                      Level
   a - Freeze                         Ice                          1
   b - Ozocubu's Armour               Charms/Ice                   3
 e - a book of Minor Magic

   Spells                             Type                      Level
   a - Magic Dart                     Conjuration                  1
   b - Blink                          Translocation                2
   c - Call Imp                       Summoning                    2
   d - Slow                           Hexes                        2
   e - Conjure Flame                  Conjuration/Fire             3
   f - Mephitic Cloud                 Conjuration/Poison/Air       3
Comestibles
 f - 4 rations


   Skills:
 + Level 6.5 Fighting
 + Level 0.8 Short Blades
 + Level 0.8 Long Blades
 + Level 0.8 Axes
 + Level 0.8 Maces & Flails
 + Level 0.8 Polearms
 + Level 0.8 Staves
 + Level 0.8 Slings
 + Level 0.8 Bows
 + Level 0.8 Crossbows
 + Level 0.8 Throwing
 + Level 0.8 Armour
 + Level 0.8 Dodging
 + Level 4.1 Stealth
 + Level 0.8 Shields
 + Level 2.6 Unarmed Combat
 + Level 5.0 Spellcasting
 + Level 0.5 Conjurations
 + Level 0.5 Hexes
 + Level 0.5 Charms
 + Level 0.5 Summonings
 + Level 0.5 Necromancy
 + Level 0.5 Translocations
 + Level 0.5 Transmutations
 + Level 0.5 Fire Magic
 + Level 2.1 Ice Magic
 + Level 0.5 Air Magic
 + Level 0.5 Earth Magic
 + Level 0.5 Poison Magic
 + Level 1.0 Invocations
 + Level 2.6 Evocations


You had 11 spell levels left.
You knew the following spells:

 Your Spells              Type           Power        Failure   Level  Hunger
a - Freeze                Ice            ##..         6%          1    None


Dungeon Overview and Level Annotations

Branches:
Dungeon (3/15)

Altars:
Gozag
Makhleb
Okawaru

Annotations:
D:3 pk666's ghost, amateur DEWz


Innate Abilities, Weirdness & Mutations

Your experience applies equally to all skills.
You have very sharp teeth.
Your uncanny sense of smell can sniff out nearby items.


Message History

The adder barely misses you. The adder bites you but does no damage.
The kobold hits you with a dagger.
* * * LOW HITPOINT WARNING * * *
2 jackals come into view.
The jackal barks! x2
The kobold hits you but does no damage. The jackal bites you.
* * * LOW HITPOINT WARNING * * *
The adder barely misses you.
You feel sick.
The jackal bites you but does no damage.
The adder bites you but does no damage. The kobold hits you but does no damage.
You miss the jackal. The jackal bites you.
* * * LOW HITPOINT WARNING * * *
The adder misses you.
The jackal bites you but does no damage.
You hit the jackal. You drain the jackal!
The jackal is severely wounded.
The jackal barely misses you. The kobold hits you with a dagger.
You die...

#..w## ##. #g##...... .g
#g##.####. .# #.##.# #
##.##
###.##w####.####>..##
#..g##.#.....(...#..#
#...g.g...#.####..(.#
.......#SK.....# ##.#.#
........#.@#..### #.#.#
....$....hh#..# #.#.#
#.....8.lh.#..#### #.#.#
##!..≈≈≈...#......###.#.#
#...≈≈≈..........$##.#.#
##..≈≈≈...........†..#.#
...≈≈≈..........r####.###
#........................
..........._.##.


You could see a worm, 3 gnolls, an adder, a leopard gecko, 3 jackals and a
kobold.

Vanquished Creatures
  An adder (D:2)
  A worm (D:2)
  2 giant cockroaches
  4 hobgoblins
  A jackal (D:2)
  6 bats
  2 frilled lizards
  5 goblins
  5 kobolds
  5 rats
32 creatures vanquished.

Notes
Turn   | Place    | Note
-------+----------+-------------------------------------------
     0 | D:1      | teukkam the Gnoll Wanderer began the quest for the Orb.
     0 | D:1      | teukkam set off with: a book of Minor Magic, Mibbaaf's Incunabulum of the Glacier, a scroll of teleportation, a +0 robe, a +0 dagger, a ration
     0 | D:1      | Reached XP level 1. HP: 23/23 MP: 6/6
   120 | D:1      | Identified Mibbaaf's Incunabulum of the Glacier
   122 | D:1      | Learned a level 1 spell: Freeze
   302 | D:1      | Reached XP level 2. HP: 29/29 MP: 7/7
   888 | D:2      | Found an iron altar of Okawaru.
   923 | D:2      | Found a burning altar of Makhleb.
   950 | D:2      | Reached skill level 5 in Spellcasting
   950 | D:2      | Reached XP level 3. HP: 28/35 MP: 1/9
   999 | D:2      | Found an opulent altar of Gozag.
  1114 | D:3      | Noticed pk666's ghost (amateur DEWz)
  1147 | D:2      | Reached skill level 1 in Invocations
  1155 | D:2      | Slain by a kobold

Skill      XL: |  1  2  3 |
---------------+----------+-----
Ice Magic      | 2 |  2.1
Spellcasting   | 5 |  5.0
Invocations    | 1 |  1.0
Fighting       | |  6.5
Short Blades   | |  0.8
Long Blades    | |  0.8
Axes           | |  0.8
Maces & Flails | |  0.8
Polearms       | |  0.8
Staves         | |  0.8
Slings         | |  0.8
Bows           | |  0.8
Crossbows      | |  0.8
Throwing       | |  0.8
Armour         | |  0.8
Dodging        | |  0.8
Stealth        | |  4.1
Shields        | |  0.8
Unarmed Combat | |  2.6
Conjurations   | |  0.5
Hexes          | |  0.5
Charms         | |  0.5
Summonings     | |  0.5
Necromancy     | |  0.5
Translocations | |  0.5
Transmutations | |  0.5
Fire Magic     | |  0.5
Air Magic      | |  0.5
Earth Magic    | |  0.5
Poison Magic   | |  0.5
Evocations     | |  2.6

Action                   || total
-------------------------++-------
Melee: Dagger            ||    67
       Bite              ||     5
 Cast: Freeze            ||    17
 Stab: Sleeping          ||     6
Armor: Robe              ||    24
Dodge: Dodged            ||    59
